 Dungeon Crawl Stone Soup version 0.28-a0-1199-gef9e1dbd39 (webtiles) character file.

Game seed: 7995668160473409395

35 cal3b6 the Archer (level 3, 0/31 HPs)
             Began as a Gnoll Hunter on Dec 19, 2021.
             Slain by an orc (7 damage)
             ... on level 2 of the Dungeon.
             The game lasted 00:09:17 (979 turns).

cal3b6 the Archer (Gnoll Hunter)                     Turns: 979, Time: 00:09:18

Health: 0/31       AC:  8    Str: 11    XL:     3   Next: 35%
Magic:  4/4        EV:  6    Int: 10    God:
Gold:   64         SH:  0    Dex: 14    Spells: 3/3 levels left

rFire   . . .      SeeInvis .   b - +0 short sword
rCold   . . .      Faith    .   (no shield)
rNeg    . . .      Spirit   .   h - +0 chain mail
rPois   .          Reflect  .   (no helmet)
rElec   .          Harm     .   (no cloak)
rCorr   .          Rampage  .   (no gloves)
Will    .....                   (no boots)
Stlth   ..........              (no amulet)
HPRegen 0.10/turn               (no ring)
MPRegen 0.09/turn               (no ring)

@: no status effects
A: fangs 1, strong nose, distributed training
a: no special abilities


You were on level 2 of the Dungeon.
You visited 1 branch of the dungeon, and saw 2 of its levels.

You collected 64 gold pieces.

Inventory:

Hand Weapons
 a - a +1 shortbow
 b - a +0 short sword (weapon)
Armour
 c - a +0 leather armour
 h - a +0 chain mail (worn)
 j - a +0 buckler
Jewellery
 k - a ring of protection from fire
Scrolls
 f - a scroll of fear {unknown}
 g - a scroll of magic mapping {unknown}
 l - a scroll of immolation {unknown}
Potions
 e - a potion of lignification {unknown}
 i - a potion of mutation {unknown}


   Skills:
 + Level 4.5 Fighting
 + Level 0.7 Short Blades
 + Level 0.7 Long Blades
 + Level 0.7 Axes
 + Level 0.7 Maces & Flails
 + Level 0.7 Polearms
 + Level 0.7 Staves
 + Level 0.7 Slings
 + Level 8.5 Bows
 + Level 0.7 Crossbows
 + Level 0.7 Throwing
 + Level 0.7 Armour
 + Level 4.5 Dodging
 + Level 2.3 Stealth
 + Level 0.7 Shields
 + Level 0.7 Unarmed Combat
 + Level 0.7 Spellcasting
 + Level 0.5 Conjurations
 + Level 0.5 Hexes
 + Level 0.5 Summonings
 + Level 0.5 Necromancy
 + Level 0.5 Translocations
 + Level 0.5 Transmutations
 + Level 0.5 Fire Magic
 + Level 0.5 Ice Magic
 + Level 0.5 Air Magic
 + Level 0.5 Earth Magic
 + Level 0.5 Poison Magic
 + Level 0.9 Invocations
 + Level 0.7 Evocations


You had 3 spell levels left.
You didn't know any spells.
Your spell library was empty.

Dungeon Overview and Level Annotations

Branches:
Dungeon (2/15)

Altars:

Shops:
D:2 (


Innate Abilities, Weirdness & Mutations

You have very sharp teeth.
Your uncanny sense of smell can sniff out nearby items.
Your experience applies equally to all skills.


Message History

Aim: an orc, wielding a +0 morningstar and quivering stones (65% to hit)
Okay, then.
The orc throws a stone.
The stone hits you but does no damage.
The orc throws a stone.
The stone hits you but does no damage.
Fire: 3 arrows
Press: ? - help, Q - select action Shift-Dir - straight line, f - goblin, p - orc
Aim: a goblin, wielding a +0 dagger (58% to hit)
You shoot an arrow. The arrow barely misses the goblin.
Fire: 2 arrows
Press: ? - help, Q - select action Shift-Dir - straight line, f/p - goblin
Aim: a goblin, wielding a +0 dagger (58% to hit)
You shoot an arrow. The arrow hits the goblin!
You kill the goblin!
The orc throws a stone.
The stone barely misses you.
Fire: arrow
Press: ? - help, Q - select action Shift-Dir - straight line, f - orc
Aim: an orc, wielding a +0 morningstar and quivering stones (64% to hit)
You shoot an arrow. The arrow hits the orc.
The orc is lightly wounded.
Unknown command.
b - a +0 short sword (weapon)
You barely miss the orc.
The orc is lightly wounded.
The orc barely misses you.
You completely miss the orc.
The orc is lightly wounded.
The orc hits you with a +0 morningstar! x2
You hit the hobgoblin.
The hobgoblin is almost dead.
The hobgoblin hits you. The orc hits you with a +0 morningstar.
* * * LOW HITPOINT WARNING * * *
You hit the hobgoblin.
You kill the hobgoblin!
You barely miss the orc.
The orc is lightly wounded.
The orc hits you but does no damage.
You hit the orc.
The orc is moderately wounded.
The orc hits you with a +0 morningstar!
You die...

#∩#..# #.#..#
#.#..# #'##.#
#..).## ..
#####†..###....
#............+
#######...####
#@.##
#o########.
#o.(.......
#..#(######
#..#.(#
#..##.(( #...
#.(( #... #...#
##..# .8..


You could see 2 orcs.

Vanquished Creatures
  A dart slug (D:1)
  An orc (D:2)
  3 endoplasms (D:1)
  3 goblins
  5 hobgoblins
  3 kobolds
  A quokka (D:1)
  4 ball pythons (D:1)
  5 bats
  2 frilled lizards (D:1)
  3 rats (D:1)
31 creatures vanquished.

Vanquished Creatures (others)
  A fungus (D:2)
1 creature vanquished.

Grand Total: 32 creatures vanquished

Notes
Turn   | Place    | Note
-------+----------+-------------------------------------------
     0 | D:1      | cal3b6 the Gnoll Hunter began the quest for the Orb.
     0 | D:1      | Reached XP level 1. HP: 20/20 MP: 1/1
   130 | D:1      | Reached XP level 2. HP: 26/26 MP: 2/2
   508 | D:1      | Reached XP level 3. HP: 31/31 MP: 3/3
   923 | D:2      | Found Vuiduth's Antique Weapon Emporium.
   979 | D:2      | Slain by an orc

Illustrated notes

Levels and vault maps discovered:
D:1:      dpeg_arrival_shrine, layout_basic, lemuel_old_faithful
D:2:      minmay_chambers_of_twos, layout_loops_corners,
          shapermc_ecumenical_altar_rom_forum, serial_shops, shop_statue,
          nicolae_shop_advertising_works [nicolae_subvault_shop_adworks],
          nicolae_shop_hallway_stairs, kennysheep_pointless_box,
          corexii_item_surrounded_by_moat, guppyfry_early_orc_mine

Action                   || total
-------------------------++-------
Melee: Short sword       ||     6
 Fire: Shortbow          ||    71
Armor: Chain mail        ||    12
Dodge: Dodged            ||     7

Table legend: (Time is in decaauts)
 A = Elapsed time spent in this place.
 B = Non-inter-level travel time spent in this place.
 C = Inter-level travel time spent in this place.
 D = Time resting spent in this place.
 E = Time spent auto-exploring this place.
 F = Levels seen in this place.
 G = Mean time per level.
                   A        B        C        D        E       F      G
               +--------+--------+--------+--------+--------+-----+--------+
         Total |    970 |    926 |     44 |      0 |    748 |   2 |  485.0 |
       Dungeon |    970 |    926 |     44 |      0 |    748 |   2 |  485.0 |
               +--------+--------+--------+--------+--------+-----+--------+

Top non-repeatable levels by time:
     D:1: 917 daAuts
     D:2: 52 daAuts
